 Dungeon Crawl Stone Soup version 0.31.0-32-g396128a36d (webtiles) character file.

Game seed: 5772442719692021073

312 Doomgape the Covered (level 6, -1/58 HPs)
             Began as a Gargoyle Fighter on Apr 4, 2024.
             Slain by a gnoll
             ... wielding a +0 halberd
              (9 damage)
             ... on level 3 of the Dungeon.
             The game lasted 00:06:13 (2127 turns).

Doomgape the Covered (Gargoyle Fighter)             Turns: 2127, Time: 00:06:14

Health: -1/58      AC: 23    Str: 22    XL:     6   Next: 42%
Magic:  6/6        EV:  2    Int:  8    God:
Gold:   87         SH:  4    Dex:  9    Spells: 5/5 levels left

rFire   . . .        a - +0 flail
rCold   . . .        c - +0 buckler
rNeg    + . .        o - melded +0 chain mail
rPois   ∞            (helmet currently unavailable)
rElec   .            (cloak currently unavailable)
rCorr   .            (gloves currently unavailable)
SInv    .            (boots currently unavailable)
Will    .....        (no amulet)
Stlth   +            (no ring)
HPRegen 0.29/turn    (no ring)
MPRegen 0.10/turn

%: no passive effects
@: tree-form, attractive, hasted, very quick
A: stationary, stasis, torment immunity, boosted hp, sickness immunity, AC +4,
negative energy resistance 1, (electricity resistance), torment resistance 1,
petrification resistance, mutation resistance 1
a: no special abilities


You were on level 3 of the Dungeon.
You were a tree.
You visited 1 branch of the dungeon, and saw 3 of its levels.

You collected 87 gold pieces.

Inventory:

Hand Weapons
 a - a +0 flail (weapon)
Armour
 c - a +0 buckler (worn)
 o - a +0 chain mail (melded)
Jewellery
 i - a ring of fire
Wands
 b - a wand of flame (1)
Scrolls
 h - a scroll of fear {unknown}
 j - a scroll of brand weapon {unknown}
 k - a scroll of enchant weapon {unknown}
 m - a scroll of immolation {unknown}
 n - 2 scrolls of teleportation {unknown}
Potions
 d - 2 potions of might


   Skills:
 + Level 4.7 Fighting
 + Level 3.6 Maces & Flails
 + Level 4.8 Armour
 + Level 4.7 Shields


You had 5 spell levels left.
You didn't know any spells.
Your spell library contained the following spells:

 Spells                   Type           Power      Damage    Failure   Level
 Sandblast                Erth           0%         2d4       45%         1
 Passwall                 Erth           0%         N/A       83%         3
 Stone Arrow              Conj/Erth      0%         3d7       83%         3
 Animate Dead             Necr           0%         N/A       99%         4
 Brom's Barrelling Bould  Conj/Erth      0%         2d3       99%         4
 Haunt                    Necr/Summ      0%         N/A       100%        7
 Infestation              Necr           0%         N/A       100%        8


Dungeon Overview and Level Annotations

Branches:
Dungeon (3/15)

Altars:
Makhleb
Qazlal
Vehumet


Innate Abilities, Weirdness & Mutations

You are a tree.
Your roots penetrate the ground, keeping you stationary.
You cannot be teleported.
You are immune to unholy pain and torment.
Your maximum health is greatly increased.
Your equipment is partially melded.
You are immune to sickness and miasma.
((Your stone body is resilient. (AC +4)))
You are immune to poison.
You resist negative energy. (rN+)
((You are resistant to electric shocks. (rElec)))
You are resistant to unholy torment.
You are immune to petrification.
You are somewhat resistant to further mutation.


Message History

The gnoll hits you with a +1 halberd of venom.
* * * LOW HITPOINT WARNING * * *
The gnoll barely misses you.
You sock the gnoll!
You kill the gnoll!
The gnoll hits you but does no damage.
You sock the gnoll!
The gnoll is heavily wounded.
The gnoll closely misses you. The gnoll hits you but does no damage.
Unknown command.
It was a potion of lignification.
You turn into a tree.
Your +0 chain mail melds into your body.
Your roots penetrate the ground.
The gnoll hits you but does no damage. The gnoll hits you with a +0 club.
* * * LOW HITPOINT WARNING * * *
Unknown command.
It was a potion of haste.
You feel yourself speed up. You block the gnoll's attack.
The gnoll hits you but does no damage.
It was a potion of mutation.
You feel extremely strange.
Your wings grow larger and stronger.
You float gracefully downwards.
Your wings shrivel and weaken.
You feel genetically stable. You block the gnoll's attack.
The gnoll hits you but does no damage.
It was a potion of attraction.
You feel attractive to monsters.
You sock the gnoll!
You kill the gnoll!
The gnoll hits you but does no damage.
You barely miss the jackal. The gnoll hits you but does no damage.
The jackal bites you but does no damage.
You hit the jackal.
You kill the jackal!
The gnoll hits you but does no damage. The gnoll is attracted toward you.
You hit the gnoll.
The gnoll is lightly wounded.
The gnoll hits you but does no damage.
You closely miss the gnoll.
The gnoll is lightly wounded.
The gnoll hits you with a +0 halberd!
You die...

##.....#####
#.....#
###..h#
#######g#
....# #g#
##...##g##
.[.......#
≈≈≈≈≈≈≈≈.#####
....§§§≈§g♣..#
.≈.≈≈≈.≈.###.#
.≈..§≈.≈.))†.#
.≈._§§§≈.###.#
.≈.§.≈.≈.# #.#
.§§§≈≈.≈.###†#
......≈..##.#
≈≈≈≈≈.≈...#)#
............##


You could see a gnoll.

Vanquished Creatures
  2 howler monkeys (D:3)
  A crimson imp (D:3)
  A hound (D:3)
  An orc wizard (D:3)
  8 gnolls (D:3)
  2 dart slugs
  6 orcs (D:3)
  5 ball pythons
  6 endoplasms
  4 giant cockroaches
  3 goblins
  6 hobgoblins
  10 jackals (D:3)
  4 bats
  4 frilled lizards (D:1)
  3 kobolds
  3 rats (D:1)
69 creatures vanquished.

Notes
Turn   | Place    | Note
-------+----------+-------------------------------------------
     0 | D:1      | Doomgape the Gargoyle Fighter began the quest for the Orb.
     0 | D:1      | Reached XP level 1. HP: 14/14 MP: 1/1
   119 | D:1      | Reached XP level 2. HP: 19/19 MP: 2/2
   718 | D:2      | Reached XP level 3. HP: 14/23 MP: 3/3
   877 | D:2      | Found a faded altar of an unknown god.
  1527 | D:3      | Reached XP level 4. HP: 18/29 MP: 4/4
  1537 | D:3      | Reached XP level 5. HP: 14/33 MP: 5/5
  1810 | D:3      | Found a burning altar of Makhleb.
  1810 | D:3      | Found a radiant altar of Vehumet.
  1923 | D:3      | Reached XP level 6. HP: 34/39 MP: 6/6
  1942 | D:3      | Found a stormy altar of Qazlal.
  2121 | D:3      | Gained mutation: Your large and strong wings let you fly.
                  | [potion of mutation]
  2121 | D:3      | Lost mutation: Your large and strong wings let you fly.
                  | [potion of mutation]
  2121 | D:3      | Gained mutation: You are somewhat resistant to further
                  | mutation. [potion of mutation]
  2127 | D:3      | Slain by a gnoll

Illustrated notes

Levels and vault maps discovered:
D:1:      dpeg_arrival_leaves_temple_mockup, layout_basic
D:2:      layout_loops_corners, shapermc_ecumenical_altar_mp_ritualfount
D:3:      lemuel_castle_with_subvaults [lemuel_castle_interior_original],
          layout_loops_ring, grunt_temple_overflow_lords_of_destruction,
          mainiacjoe_overflow_concentric_impassable

Skill      XL: |  1  2  3  4 |
---------------+-------------+-----
Fighting       | 4 |  4.7
Armour         | 4 |  4.8
Shields        | 4 |  4.7
Maces & Flails | 3 |  3.6

Action                     |  1- 3 |  4- 6 || total
---------------------------+-------+-------++-------
  Melee: Flail             |   112 |   169 ||   281
    Use: Scroll            |     1 |       ||     1
         Potion            |       |     4 ||     4
 Armour: Scale mail        |    82 |    78 ||   160
         Chain mail        |       |    84 ||    84
         Skin              |       |    10 ||    10
  Dodge: Dodged            |    58 |    98 ||   156
  Block: Buckler           |    32 |    56 ||    88
